 Dungeon Crawl Stone Soup version 0.24-a0-458-gfcb5e6da0e (webtiles) character file.

Game seed: 8043444415243903615

270 Mrkan the Ruffian (level 6, -2/59 HPs)
             Began as a Troll Abyssal Knight on June 27, 2019.
             Was a Believer of Lugonu.
             Killed from afar by Ijyb (16 damage)
             ... with a bolt of acid
             ... on level 3 of the Dungeon.
             The game lasted 00:04:43 (2482 turns).

Mrkan the Ruffian (Troll Abyssal Knight)            Turns: 2482, Time: 00:04:43

Health: -2/59      AC: -2    Str: 22    XL:     6   Next: 1%
Magic:  7/7        EV: 10    Int:  8    God:    Lugonu [**....]
Gold:   193        SH:  0    Dex: 10    Spells: 5/5 levels left

rFire    . . .     SeeInvis .     - Unarmed
rCold    . . .     Gourm    +   (no shield)
rNeg     . . .     Faith    .   a - +0 robe
rPois    .         Spirit   .   (helmet restricted)
rElec    .         Reflect  .   (no cloak)
rCorr    .         Harm     .   (gloves unavailable)
MR       .....                  (boots unavailable)
Stlth    +.........             (no amulet)
HPRegen  0.59/turn              (no ring)
MPRegen  0.10/turn              (no ring)

@: corroded
A: large, unfitting armour, claws 3, fast metabolism 3, gourmand, regeneration
1, shaggy fur 1, tough skin 3
a: Depart the Abyss, Bend Space, Renounce Religion


You were on level 3 of the Dungeon.
You worshipped Lugonu.
Lugonu was pleased with you.
You were very full.

You visited 1 branch of the dungeon, and saw 3 of its levels.
You visited the Abyss 1 time.

You collected 193 gold pieces.

Inventory:

Hand Weapons
 t - a +3 quarterstaff of speed
Missiles
 m - 14 stones (quivered)
Armour
 a - a +0 robe (worn)
Jewellery
 l - an uncursed ring of fire {unknown}
 n - a +2 ring of intelligence
Scrolls
 c - 3 scrolls of remove curse {unknown}
 d - a scroll of fear {unknown}
 e - 2 scrolls of fog {unknown}
 f - a scroll of acquirement {unknown}
 g - 5 scrolls of identify {unknown}
 o - 2 scrolls of amnesia {unknown}
 s - a scroll of enchant weapon {unknown}
Potions
 h - a potion of ambrosia {unknown}
 i - a potion of heal wounds
 j - a potion of curing {unknown}
 k - a potion of degeneration {unknown}
 p - a potion of lignification {unknown}
 q - a potion of brilliance {unknown}
 u - 2 potions of cancellation {unknown}
Comestibles
 b - 7 rations
 r - 4 chunks of flesh


   Skills:
 - Level 2.4 Fighting
 - Level 1.9 Dodging
 * Level 5.3 Unarmed Combat
 + Level 3.3 Invocations


You had 5 spell levels left.
You didn't know any spells.
Your spell library contained the following spells:

 Spells                   Type           Power        Failure   Level  Hunger
 Animate Skeleton         Necr           N/A          41%         1    ##.....
 Apportation              Tloc           #.....       41%         1    ##.....
 Confusing Touch          Hex            #.....       41%         1    ##.....
 Summon Small Mammal      Summ           #...         41%         1    ##.....


Dungeon Overview and Level Annotations

Branches:
Dungeon (3/15)

Altars:

Annotations:
D:3 Ijyb


Innate Abilities, Weirdness & Mutations

You are too large for most types of armour.
You have claws for hands.
Your metabolism is lightning-fast.
You like to eat raw meat.
Your natural rate of healing is unusually fast.
You are covered in fur. (AC +1)
You have extremely tough skin. (AC +3)


Message History

You scratch Ijyb but do no damage.
Ijyb is moderately wounded.
You scratch Ijyb but do no damage.
Ijyb is moderately wounded.
Ijyb zaps a wand.
The bolt of acid misses you.
You scratch Ijyb.
Ijyb is heavily wounded.
Ijyb closely misses you.
You scratch Ijyb but do no damage.
Ijyb is heavily wounded.
Ijyb hits you with a +0 club.
* * * LOW HITPOINT WARNING * * *
You closely miss Ijyb. You claw Ijyb.
Ijyb is heavily wounded.
Ijyb hits you with a +0 club.
* * * LOW HITPOINT WARNING * * *
You scratch Ijyb.
Ijyb is severely wounded.
Ijyb zaps a wand.
The bolt of acid hits you!
You die...

#. #.. #...
### #...#
... .....
#.# .....
#g# .....
#g# .....
#@#### .....
#....#
......
####.#
.......
##########.#
.......
#..........#
.......
#.##########
....(..
#...#
.......
###.#
....... #.#
.......


You could see Ijyb and a goblin.

Vanquished Creatures
  2 hounds
  Terence (D:3)
  Natasha (D:3)
  3 gnolls (D:2)
  5 adders
  2 oozes
  A worm (D:3)
  2 dart slugs (D:1)
  3 leopard geckos
  An orc (D:3)
  A ball python (D:1)
  3 giant cockroaches
  8 hobgoblins
  4 jackals (D:3)
  12 bats
  5 frilled lizards
  7 goblins
  8 kobolds
  7 rats
76 creatures vanquished.

Notes
Turn   | Place    | Note
-------+----------+-------------------------------------------
     0 | Abyss:1  | Mrkan the Troll Abyssal Knight began the quest for the Orb.
     0 | Abyss:1  | Reached XP level 1. HP: 22/22 MP: 1/1
   110 | Abyss:2  | Noticed a small abomination
   111 | Abyss:2  | Noticed a large abomination
   113 | D:1      | Escaped the Abyss
   253 | D:1      | Reached XP level 2. HP: 28/29 MP: 2/2
   531 | D:1      | Reached skill level 3 in Unarmed Combat
   889 | D:1      | Reached * piety under Lugonu
   889 | D:1      | Reached XP level 3. HP: 36/36 MP: 3/3
  1353 | D:2      | Reached XP level 4. HP: 44/44 MP: 4/4
  1473 | D:2      | Reached skill level 4 in Unarmed Combat
  2115 | D:3      | Reached XP level 5. HP: 49/50 MP: 6/6
  2225 | D:3      | Noticed Natasha
  2236 | D:3      | Killed Natasha
  2236 | D:3      | Reached skill level 5 in Unarmed Combat
  2287 | D:3      | Noticed Terence
  2300 | D:3      | Killed Terence
  2300 | D:3      | Reached ** piety under Lugonu
  2445 | D:3      | Reached XP level 6. HP: 58/59 MP: 7/7
  2463 | D:3      | Noticed Ijyb
  2482 | D:3      | Killed from afar by Ijyb

Levels and vault maps discovered:
D:1:      lightli_arrival_chessboard, layout_basic, minmay_tromino_v4_b
D:2:      layout_loops_ring, chequers_jeans, chequers_serial_rivers_micro_a
D:3:      layout_basic, uniq_ijyb, uniq_terence, uniq_natasha

Skill      XL: |  1  2  3  4  5 |
---------------+----------------+-----
Invocations    | 2 3 |  3.3
Unarmed Combat | 3 4 5 |  5.3
Fighting       | |  2.4
Dodging        | |  1.9

Action                   |  1- 3 |  4- 6 || total
-------------------------+-------+-------++-------
Melee: Unarmed           |    81 |   168 ||   249
       Punch             |     1 |     6 ||     7
Invok: Depart the Abyss  |     1 |       ||     1
  Use: Potion            |       |     1 ||     1
  Eat: Chunk             |    17 |    11 ||    28
Armor: Robe              |    39 |    86 ||   125
Dodge: Dodged            |    60 |   131 ||   191

Table legend:
 A = Non-vault XP
 B = Vault XP
 C = Vault XP percentage of total XP
 D = Non-vault monster count
 E = Vault monster count
 F = Vault count percentage of total count
                 A         B        C        D         E       F
            +---------+---------+-------+---------+---------+-------
      Total |     314 |      72 |  18.7 |      72 |       4 |   5.3
            +---------+---------+-------+---------+---------+-------
        D:1 |      42 |       3 |   6.7 |      24 |       2 |   7.7
        D:2 |     150 |       0 |   0.0 |      20 |       0 |   0.0
        D:3 |     122 |      69 |  36.1 |      28 |       2 |   6.7
            +---------+---------+-------+---------+---------+-------
